Unix NetHack Version 3.7.0-86 Work-in-progress - last build May 30 2023 11:53:40 (cc98dc9aa62a9957b082a042edf5bd7ec9f632c7,branch:master). Game began 2023-05-30 16:52:01, ended 2023-05-31 00:12:07. Zega, chaotic male elven Wizard ------------ ------- ##...........| |....N.###############@## ## |......>...| |....<| # ----------M #####------------- ####......^....| |.....| # |........|# #|C.....%...C| ### ------------ |......## |........|% #|...%%0.....| # # |.....| |.........########|...-----...| ### |......####|........|# #|.%0|.{.|....0# # ------- #|........| #|..0%{.{|C..|################ #|........| ##-...|.{.|...|# #--.---# #-.-------- #|...-----...| #|....|# #### ##......C.....| #|..[.|# #|C.........C| #|....|# ##-------------# #|....-# ###################%##|....| ############ ------ Zega the Magician St:18 Dx:15 Co:16 In:20 Wi:16 Ch:10 Chaotic S:36343 Dlvl:7 $:0 HP:0(81) Pw:11(122) AC:0 Xp:11/11804 T:14278 Burdened Stun Latest messages: You try to move the boulder, but in vain. You hit the ettin mummy! The ettin mummy misses! The ettin mummy misses! You hit the ettin mummy! The ettin mummy hits! The ettin mummy hits again! You destroy the ettin mummy! You have a little trouble lifting Z - a potion called water. With great effort you move the boulder. You have a little trouble lifting a - a wand of fire. There are many more objects here. You have a little trouble lifting c - 3 white gems. Where do you want to travel to? (For instructions type a '?') The magic-absorbing blade scares the stone giant! The stone giant turns to flee. You hit the stone giant! The stone giant throws a boulder! A boulder misses you. The stone giant swings her two-handed sword. The stone giant hits! You hit the stone giant! You hit the stone giant! The magic-absorbing blade cancels the stone giant! You kill the stone giant! You kill the stone giant! You try to move the boulder, but in vain. You see here a statue of a plains centaur. You have a little trouble lifting f - a potion of healing. You have a little trouble lifting g - a scroll labeled STRC PRST SKRZ KRK. You see here a statue of a plains centaur. The stone giant throws a boulder! A boulder misses you. Where do you want to travel to? (For instructions type a '?') The magic-absorbing blade scares the ettin mummy! The ettin mummy turns to flee. Where do you want to travel to? (For instructions type a '?') You hit the ettin mummy! The ettin mummy hits! The ettin mummy knocks you back with a forceful strike! Ouch! You stagger... The ettin mummy hits again! You hear a wolf howling at the moon. The ettin mummy hits! You die... Do you want your possessions identified? [ynq] (y) q Inventory: Amulets I - an uncursed amulet of reflection (being worn) x - a cursed amulet of strangulation Weapons d - a +0 elven dagger w - the blessed rustproof +2 Magicbane (weapon in hand) Armor Q - a blessed +0 elven leather helm (being worn) v - an uncursed +0 pair of leather gloves (being worn) P - an uncursed +0 pair of speed boots (being worn) b - an uncursed +0 cloak of magic resistance (being worn) A - an uncursed +1 elven mithril-coat Comestibles O - 3 uncursed food rations j - an uncursed partly eaten food ration p - 2 uncursed lembas wafers Scrolls g - an uncursed scroll of create monster Potions f - an uncursed potion of healing Z - a potion of holy water Rings K - an uncursed ring of cold resistance L - an uncursed ring of fire resistance R - an uncursed -2 ring of increase accuracy e - an uncursed +1 ring of protection (on left hand) U - an uncursed ring of shock resistance G - an uncursed ring of stealth (on right hand) Wands M - a wand of digging (0:7) a - a wand of fire (0:5) W - a wand of lightning (0:5) u - a wand of sleep (0:1) F - a wand of slow monster (0:4) y - a wand of speed monster (0:7) k - a wand of striking (0:6) S - a wand of striking (0:4) N - a wand of striking (0:0) Tools i - an uncursed sack containing 34 items V - an uncursed bugle m - a magic marker (0:56) l - an uncursed oil lamp n - an uncursed towel z - a blessed +0 unicorn horn Gems/Stones c - 3 uncursed worthless pieces of white glass o - a blessed luckstone Contents of the sack: 2081 gold pieces 2 uncursed bananas an uncursed pear a blessed scroll of earth an uncursed scroll of earth a cursed scroll of earth an uncursed scroll of enchant armor a cursed scroll of enchant weapon an uncursed scroll of amnesia an uncursed scroll of charging 3 uncursed scrolls of confuse monster 3 uncursed scrolls of destroy armor an uncursed scroll of fire an uncursed scroll of gold detection a blessed scroll of identify 4 uncursed scrolls of light a blessed scroll of remove curse an uncursed scroll of stinking cloud a blessed scroll of teleportation 2 uncursed scrolls of teleportation a blessed spellbook of identify an uncursed potion of full healing an uncursed potion of sleeping a blessed potion of fruit juice an uncursed potion of sickness an uncursed potion of acid an uncursed potion of gain energy an uncursed potion of gain level a cursed potion of healing an uncursed potion of invisibility an uncursed potion of levitation an uncursed potion of oil 2 potions of holy water a potion of unholy water Zega the Wizard's attributes: Background: You were a Magician, a level 11 male elven Wizard. You were chaotic, on a mission for Anhur who was opposed by Ptah (lawful) and Thoth (neutral). You were in the Dungeons of Doom, on level 7. You entered the dungeon 14278 turns ago. It was the midnight hour. You had 11804 experience points, 8196 more were needed to attain level 12. Your score was 36343 before end-of-game adjustments. Basics: You had 0 out of 81 hit points. You had 11 out of 122 energy points (spell power). Your armor class was 0. Your wallet was empty, but you had 2081 zorkmids stashed away in your pack. Autopickup was on for '$"=/!?' plus thrown. Final Characteristics: Your strength was 18 (limit:18). Your dexterity was 15 (limit:18). Your constitution was 16 (limit:16). Your intelligence was 20 (limit:20). Your wisdom was 16 (limit:20). Your charisma was 10 (limit:18). Final Status: You were stunned. You were not hungry. You were burdened; movement was slightly slowed. You were wielding a dagger. You had expert skill with dagger. Final Attributes: You were piously aligned. You were magic-protected. You were sleep resistant. You had infravision. You were stealthy. You had a moderate defense bonus (+6). You were guarded. You were very fast. You had reflection. You were very lucky. You had extra luck. Good luck did not time out for you. You are dead. Miscellaneous: You disabled loading of bones levels. Total elapsed playing time was 2 hours, 32 minutes and 38 seconds. Major events: Turn 1: Zega the chaotic male elven Wizard entered the dungeon 1632: entered the Gnomish Mines 1801: attained the rank of Conjurer (level 3) 3543: attained the rank of Thaumaturge (level 6) 4227: entered Sokoban 4431: completed 1st Sokoban level 4820: completed 2nd Sokoban level 5120: completed 3rd Sokoban level 9529: was bestowed with Magicbane by Anhur 10329: attained the rank of Magician (level 10) 10867: completed 4th Sokoban level 10928: acquired the Sokoban amulet of reflection 11392: found Snickersnee carried by a monster 14278: killed by an ettin mummy, while moving through the air Vanquished creatures: an Aleax 2 giant mimics an elven monarch a hezrou a large mimic a water elemental 2 small mimics 2 xans an ettin mummy an ogre leader a quantum mechanic 2 trolls 2 gelatinous cubes a pyrolisk 2 large dogs a large cat 2 gargoyles 2 dwarf rulers 4 tengu an ochre jelly a leocrotta 3 stone giants 2 human mummies a python a carnivorous ape an ettin zombie an amorous demon 4 chameleons a giant beetle a quivering blob a cockatrice a wolf a lynx a panther 8 leprechauns 3 iron piercers a mumak 2 giant spiders an ice vortex 4 black lights 4 gnome rulers an orc mummy 2 owlbears 2 yetis 2 gold golems a Green-elf 2 lizards 2 dingoes a housecat 3 jaguars a dwarf leader a blue jelly a white unicorn a gray unicorn 2 dust vortices a raven 2 plains centaurs 5 snakes 5 apes 4 soldier ants 7 bugbears 2 imps 2 wood nymphs a water nymph 2 mountain nymphs a Mordor orc an Uruk-hai 2 orc shamans a rock piercer a rock mole 2 ponies a fog cloud 3 yellow lights a shrieker a violet fungus 16 gnome leaders 4 gnomish wizards a kobold mummy a red naga hatchling a golden naga hatchling an elf zombie a straw golem 3 giant ants 5 floating eyes a kitten 21 dwarves a kobold leader 2 kobold shamans a hill orc 4 rothes a rabid rat 4 centipedes 4 giant bats 5 monkeys a wererat 3 werejackals 6 iguanas 4 acid blobs 8 hobbits 3 manes 2 large kobolds 15 hobgoblins a giant rat 2 brown molds 2 yellow molds 72 gnomes 13 garter snakes a gnome zombie 5 geckos 2 jackals 3 foxes 2 kobolds 7 goblins 4 sewer rats 6 grid bugs a bat 4 lichens 3 kobold zombies 7 newts 395 creatures vanquished. No species were genocided or became extinct. Voluntary challenges: You followed a strict vegan diet. You read items or engraved 24 times. You engraved Elbereth 4 times. You never genocided any monsters. You never polymorphed an object. You never changed form. You used no wishes. You did not violate any of the special Sokoban rules. Achievements: You entered the Gnomish Mines. You attained the rank of Conjurer. You entered a shop. You attained the rank of Thaumaturge. You entered a temple. You entered Sokoban. You attained the rank of Magician. You completed Sokoban. The Dungeons of Doom: levels 1 to 10 Level 1: A grave. Level 2: A fountain, a sink, a grave. Level 3: A fountain, a sink. Level 4: Many fountains. Stairs down to The Gnomish Mines. Level 5: An armor shop, a sink. Level 6: "v" A fountain, many sinks. Level 7: <- You were here. Many fountains. Oracle of Delphi. Final resting place for you, killed by an ettin mummy, while moving through the air. Level 8: A fountain. Stairs up to Sokoban, level 7. Level 9: A temple to Anhur. Level 10: A fountain. The Gnomish Mines: levels 5 to 13 Level 5: Level 6: Level 7: Many shops, a temple to Anhur, some fountains, a sink. Level 8: Level 9: Level 10: Level 11: Level 12: Level 13: Sokoban: levels 7 up to 4 Level 4: Solved. Level 5: Solved. Level 6: Solved. Level 7: Solved. Game over: ---------- / \ / REST \ / IN \ / PEACE \ / \ | Zega | | 2081 Au | | killed by an | | ettin mummy | | | | | | 2023 | *| * * * | * _________)/\\_//(\/(/\)/\//\/|_)_______ Goodbye Zega the Wizard... You died in The Dungeons of Doom on dungeon level 7 with 36135 points, and 2081 pieces of gold, after 14278 moves. You were level 11 with a maximum of 81 hit points when you died.